 Dungeon Crawl Stone Soup version 0.17-a0-2127-g1cb09f6 (webtiles) character file.

112 fredomojojo the Vexing (level 5, -1/37 HPs)
             Began as a Formicid Arcane Marksman on Oct 23, 2015.
             Slain by a big kobold
             ... wielding a +0 whip
              (8 damage)
             ... in a sewer.
             The game lasted 00:46:14 (2015 turns).

fredomojojo the Vexing (Formicid Arcane Marksman)   Turns: 2015, Time: 00:46:15

Health: -1/37      AC:  5    Str: 16    XL:     5   Next: 16%
Magic:  5/7        EV: 12    Int: 13    God:
Gold:   83         SH:  0    Dex: 10    Spells: 2 memorised, 4 levels left

rFire  . . .     SeeInvis +     a - +0 hunting sling
rCold  . . .     Clarity  .     b - +0 robe
rNeg   . . .     SustAt   .     (no shield)
rPois  .         Gourm    .     (helmet unavailable)
rElec  .         Spirit   .     (no cloak)
rCorr  .         Warding  .     q - +2 pair of gloves
rMut   .         Stasis   +     (no boots)
MR     .....                    (no amulet)
Stlth  +.........               (no ring)
                                (no ring)

@: not resistant to hostile enchantments, very unstealthy
A: permanent stasis, dig shafts and tunnels, four strong arms, antennae 3
a: Dig, Shaft Self


You were in a sewer.
You were not hungry.

You visited 1 branch of the dungeon, and saw 3 of its levels.
You also visited: Sewer.

You collected 83 gold pieces.

Inventory:

Hand Weapons
 a - a +0 hunting sling (weapon)
 l - a +0 dagger
Missiles
 i - 48 stones (quivered)
Armour
 b - a +0 robe (worn)
 q - a +2 pair of gloves (worn)
Scrolls
 c - a scroll of noise {unknown}
 j - a scroll of remove curse
Potions
 g - 2 potions of curing
 k - a potion of haste
Books
 d - a book of Debilitation

   Spells                             Type                      Level
   a - Corona                         Hexes                        1
   b - Slow                           Hexes                        2
   c - Gell's Gravitas                Hexes/Translocation          3
   d - Inner Flame                    Hexes/Fire                   3
   e - Cause Fear                     Hexes                        4
   f - Leda's Liquefaction            Hexes/Earth                  4
Comestibles
 e - 3 bread rations
 f - 3 chunks of flesh
 h - a royal jelly
 m - 2 slices of pizza


   Skills:
 + Level 1.2 Fighting
 + Level 3.7 Slings
 + Level 2.1 Dodging
 + Level 1.8 Spellcasting
 + Level 5.0 Hexes


You had 4 spell levels left.
You knew the following spells:

 Your Spells              Type           Power        Failure   Level  Hunger
a - Corona                Hex            ##.....      4%          1    ##.....
b - Slow                  Hex            ##......     8%          2    ###....


Dungeon Overview and Level Annotations

Branches:
Dungeon (3/15)

Altars:


Innate Abilities, Weirdness & Mutations

You are under a permanent stasis effect.
You can dig through walls and to a lower floor.
Your four strong arms can wield two-handed weapons with a shield.
You have a pair of large antennae on your head (SInv).


Message History

The stone hits the big kobold but does no damage.
The big kobold is severely wounded.
You hear a splash.
The big kobold hits you with a whip.
Firing (i - inventory):
i - 49 stones (quivered)
Press: ? - help, Shift-Dir - straight line, f/p - big kobold
Aim: a big kobold, wielding a whip (severely wounded)
You shoot a stone. The stone hits the big kobold.
The big kobold is almost dead.
You hear a splash.
The big kobold hits you with a whip.
* * * LOW HITPOINT WARNING * * *
Casting: Corona
Confirm with . or Enter, or press ? or * to list all spells.
Aiming: Slow
Press: ? - help, Shift-Dir - straight line, f/p - big kobold
Aim: a big kobold, wielding a whip (almost dead, chance to defeat MR: 50%)
The big kobold resists with significant effort.
The big kobold hits you with a whip!
You die...

#..≈≈.≈.# #.≈≈≈≈.≈#
#≈≈≈≈≈(.# #≈≈≈≈≈≈(#
#.≈≈≈≈≈≈# #.≈≈≈≈≈(#
#..≈≈≈..#
#.≈≈≈≈.≈###################
#..(≈≈≈((K@≈≈≈≈≈≈≈≈≈≈≈≈≈≈≈≈
#.≈≈≈≈≈.###################
##≈≈≈≈.## #.≈≈≈. #.≈≈≈≈
∩..≈≈≈. ##.≈≈≈. #.≈≈≈.


You could see a big kobold.

Vanquished Creatures
  3 adders
  A river rat (D:3)
  An ooze (D:2)
  A worm (D:2)
  4 giant geckos
  A ball python (D:3)
  4 giant cockroaches
  7 hobgoblins
  3 jackals
  8 kobolds
  12 bats
  3 giant newts
  10 goblins
  16 rats
74 creatures vanquished.

Notes
Turn   | Place    | Note
--------------------------------------------------------------
     0 | D:1      | fredomojojo the Formicid Arcane Marksman began the quest for the Orb.
     0 | D:1      | Reached XP level 1. HP: 15/15 MP: 2/2
   130 | D:1      | Reached skill level 4 in Hexes
   134 | D:1      | Reached XP level 2. HP: 21/21 MP: 0/3
   840 | D:1      | Learned a level 2 spell: Slow
   845 | D:1      | Reached XP level 3. HP: 19/26 MP: 4/4
  1070 | D:2      | Reached XP level 4. HP: 25/32 MP: 5/5
  1864 | D:3      | Reached skill level 5 in Hexes
  1864 | D:3      | Reached XP level 5. HP: 37/37 MP: 5/7
  1865 | D:3      | Found a glowing drain.
  1941 | Sewer    | Entered a sewer
  2015 | Sewer    | Slain by a big kobold

Vault maps used:
D:1:      scummos_arrival_hexagon
D:2:      st_stairs_13, serial_park_tiny_pond
D:3:      portal_sewer_entry_a, first_bread
Sewer:    sewer_kobolds

Action                   |  1- 3 |  4- 6 || total
-------------------------+-------+-------++-------
 Fire: Hunting sling     |    91 |   144 ||   235
 Cast: Corona            |    20 |    34 ||    54
       Slow              |       |     4 ||     4
  Use: Scroll            |       |     6 ||     6
  Eat: Bread ration      |     1 |       ||     1
       Beef jerky        |       |     1 ||     1
